 Dungeon Crawl Stone Soup version 0.30-a0-528-g8c47a4955b (webtiles) character file.

Game seed: 4998179299294880861

1281 PyroL the Changer (level 8, -2/54 HPs)
             Began as an Octopode Transmuter on Dec 23, 2022.
             Slain by a yak (5 damage)
             ... on level 5 of the Dungeon.
             The game lasted 00:11:01 (4249 turns).

PyroL the Changer (Octopode Transmuter)             Turns: 4249, Time: 00:11:01

Health: -2/54      AC:  2    Str: 10    XL:     8   Next: 54%
Magic:  7/11       EV: 25    Int: 23    God:
Gold:   153        SH:  0    Dex: 17    Spells: 5/11 levels left

rFire   . . .      SeeInvis .      - Unarmed
rCold   . . .      Faith    .    (shield currently unavailable)
rNeg    . . .      Spirit   .    (helmet currently unavailable)
rPois   x          Reflect  .    (no amulet)
rElec   .          Harm     .    e - +6 ring of intelligence
rCorr   .          Rampage  .    f - +4 ring of evasion
Will    .....                    (no ring)
Stlth   ++                       (no ring)
HPRegen 0.29/turn                (no ring)
MPRegen 0.12/turn                (no ring)
                                 (no ring)
                                 (no ring)

@: spider-form (expiring)
A: venomous fangs, almost no armour, (amphibious), 8 rings, tiny, (camouflage
1), (gelatinous body 1), (nimble swimmer 1), (tentacles)
a: End Transformation


You were on level 5 of the Dungeon.
You were a venomous arachnid creature.
You visited 1 branch of the dungeon, and saw 5 of its levels.

You collected 153 gold pieces.

Inventory:

Hand Weapons
 b - a +1 dagger of electrocution (melded)
Missiles
 l - 9 poisoned darts
 q - 3 javelins
Jewellery
 e - a +6 ring of intelligence (left front leg)
 f - a +4 ring of evasion (right front leg)
Scrolls
 d - a scroll of magic mapping
 h - a scroll of noise {unknown}
 k - a scroll of teleportation
 m - a scroll of brand weapon {unknown}
 o - a scroll of amnesia {unknown}
 p - a scroll of summoning {unknown}
 r - a scroll of blinking {unknown}
 s - a scroll of identify
Potions
 a - a potion of lignification
 c - 2 potions of heal wounds
 g - a potion of berserk rage {unknown}
 i - a potion of curing {unknown}
 j - a potion of invisibility {unknown}
 n - 2 potions of brilliance {unknown}
 t - 2 potions of degeneration {unknown}


   Skills:
 - Level 4.7 Fighting
 + Level 4.3 Dodging
 - Level 5.0 Unarmed Combat
 - Level 2.0 Spellcasting
 + Level 6.5 Transmutations
 - Level 3.0 Poison Magic


You had 5 spell levels left.
You knew the following spells:

 Your Spells              Type           Power      Damage    Failure   Level
a - Beastly Appendage     Tmut           64%        N/A       4%          1
b - Wereblood             Tmut           32%        N/A       6%          2
c - Spider Form           Tmut/Pois      24%        N/A       16%         3

Your spell library contained the following spells:

 Spells                   Type           Power      Damage    Failure   Level
 Ice Form                 Ice/Tmut       17%        N/A       54%         4
 Gell's Gravitas          Tloc           2%         N/A       58%         3
 Lesser Beckoning         Tloc           4%         N/A       58%         3
 Teleport Other           Tloc           2%         N/A       58%         3


Dungeon Overview and Level Annotations

Branches:
Dungeon (5/15)
 Temple: D:4-7

Altars:
Sif Muna


Innate Abilities, Weirdness & Mutations

You are a venomous arachnid creature.
You have poisonous fangs.
You are tiny and dextrous.
Your spellcasting is less reliable in this form.
Your armour is entirely melded.
You are incapable of wielding weapons or throwing items.
You cannot wear most types of armour.
((You are amphibious.))
You can wear up to eight rings at the same time.
((Your skin changes colour to match your surroundings (Stealth+).))
((Your rubbery body absorbs attacks. (AC +1, EV +1)))
((You are camouflaged when in or above water. (Stealth+)))
((You have tentacles for arms and can constrict up to eight enemies at once.))


Message History

The yak misses you.
You completely miss the yak.
The yak is almost dead.
Your primal bloodlust has ended.
You kill the yak!
Your Dodging skill increases to level 4!
Casting: Spider Form (dangerous; 16% risk of failure)
Confirm with . or Enter, or press ? or * to list all spells.
You miscast Wereblood.
You are very lightly contaminated with residual magic.
Nothing appears to happen.
The yak misses you.
You hit the yak but do no damage.
The yak is poisoned.
The yak completely misses you.
You hit the yak.
The yak looks as sick as possible!
The yak is lightly wounded.
The yak gores you.
* * * LOW HITPOINT WARNING * * *
You hit the yak.
The yak looks as sick as possible!
The yak is moderately wounded.
The yak barely misses you.
You barely miss the yak.
The yak is moderately wounded.
The yak gores you!
* * * LOW HITPOINT WARNING * * *
The yak attacks as you move away! The yak misses you.
The yak attacks as you move away! The yak gores you!
* * * LOW HITPOINT WARNING * * *
The yak snorts and paws the ground.
Your magical contamination has completely faded away.
The yak attacks as you move away! The yak completely misses you.
Your transformation is almost over.
The yak attacks as you move away! The yak completely misses you.
The yak attacks as you move away! The yak completely misses you.
The yak attacks as you move away! The yak gores you.
* * * LOW HITPOINT WARNING * * *
You hit the yak but do no damage.
The yak is almost dead.
The yak barely misses you. The yak attacks as you move away! The yak gores you.
You die...

#########
#.......#
#...<...#
#.......#
#......s##########
#.......Y##......#
#.........Y......#
##..######.......#
#.##
#.......####### #.
##.........†... #.
#......#######
#......# #......#
#


You could see 2 yaks.

Vanquished Creatures
  Pikel (D:4)
  4 yaks (D:5)
  A lemure (D:4)
  A scorpion (D:5)
  Natasha (thrice) (D:4)
  An orc wizard (D:3)
  3 gnolls (D:4)
  4 adders
  A shadow imp (D:5)
  4 worms
  6 orcs
  6 endoplasms
  4 giant cockroaches
  10 goblins
  5 hobgoblins
  4 jackals (D:2)
  3 kobolds
  2 quokkas (D:3)
  4 ball pythons
  4 bats
  4 frilled lizards (D:2)
  2 rats
  A bush (D:2)
78 creatures vanquished.

Vanquished Creatures (others)
  2 plants (D:2)
  5 toadstools (D:1)
7 creatures vanquished.

Grand Total: 85 creatures vanquished

Notes
Turn   | Place    | Note
-------+----------+-------------------------------------------
     0 | D:1      | PyroL the Octopode Transmuter began the quest for the Orb.
     0 | D:1      | Reached XP level 1. HP: 13/13 MP: 3/3
   103 | D:1      | Reached skill level 1 in Poison Magic
   201 | D:1      | Reached XP level 2. HP: 18/18 MP: 5/5
   915 | D:2      | Learned a level 2 spell: Wereblood
   989 | D:2      | Reached XP level 3. HP: 23/23 MP: 3/6
  1210 | D:2      | Learned a level 3 spell: Spider Form
  1855 | D:3      | Reached XP level 4. HP: 28/28 MP: 2/7
  2107 | D:3      | Found a faded altar of an unknown god.
  2440 | D:4      | Noticed Pikel
  2440 | D:4      | Noticed a lemure
  2440 | D:4      | Noticed a lemure
  2440 | D:4      | Noticed a lemure
  2440 | D:4      | Noticed a lemure
  2472 | D:4      | Found a shimmering blue altar of Sif Muna.
  2506 | D:4      | Noticed Natasha
  2512 | D:4      | Killed Natasha
  2799 | D:3      | Reached skill level 5 in Unarmed Combat
  2799 | D:3      | Reached XP level 5. HP: 5/33 MP: 1/8
  3077 | D:4      | Killed a lemure
  3274 | D:4      | Noticed Natasha
  3285 | D:4      | Killed Natasha
  3360 | D:4      | Noticed Natasha
  3367 | D:4      | Killed Natasha
  3368 | D:4      | Reached skill level 3 in Transmutations
  3368 | D:4      | Reached XP level 6. HP: 37/41 MP: 5/9
  3747 | D:4      | Killed Pikel
  3748 | D:4      | Reached skill level 4 in Transmutations
  3748 | D:4      | Reached XP level 7. HP: 9/49 MP: 5/10
  4103 | D:5      | Entered Level 5 of the Dungeon
  4150 | D:5      | Reached skill level 5 in Transmutations
  4171 | D:5      | Noticed a yak
  4188 | D:5      | Noticed a yak
  4206 | D:5      | Noticed a yak
  4206 | D:5      | Noticed a yak
  4208 | D:5      | Noticed a yak
  4209 | D:5      | Killed a yak
  4210 | D:5      | Reached XP level 8. HP: 54/54 MP: 7/11
  4210 | D:5      | Noticed a yak
  4217 | D:5      | Killed a yak
  4225 | D:5      | Killed a yak
  4226 | D:5      | Reached skill level 6 in Transmutations
  4230 | D:5      | Killed a yak
  4245 | D:5      | HP: 2/54 [yak (4)]
  4249 | D:5      | Slain by a yak

Illustrated notes

Levels and vault maps discovered:
D:1:      ldierk_walled_garden, layout_basic
D:2:      layout_rooms, serial_forest, infiniplex_forest_split,
          infiniplex_forest_straight_5, infiniplex_forest_diagonal,
          infiniplex_forest_lined_3_way, infiniplex_forest_zigzag_2,
          infiniplex_forest_lined_3_way, infiniplex_forest_zigzag_1,
          infiniplex_forest_clump_small
D:3:      layout_basic, ebering_ecumenical_altar_abandoned
D:4:      layout_cave_pools, mainiacjoe_overflow_alcove_2, uniq_natasha,
          uniq_pikel
D:5:      layout_rooms, uniq_ijyb, uniq_eustachio

Skill      XL: |  1  2  3  4  5  6  7  8 |
---------------+-------------------------+-----
Poison Magic   | 2 3 |  3.0
Unarmed Combat | 4 5 |  5.0
Fighting       | 2 4 |  4.7
Transmutations | 3 4 5 6 |  6.5
Dodging        | 4 |  4.3
Spellcasting   | |  2.0

Action                   |  1- 3 |  4- 6 |  7- 9 || total
-------------------------+-------+-------+-------++-------
Melee: Unarmed           |    17 |    62 |    38 ||   117
       Tentacles         |    42 |     3 |     1 ||    46
       Constrict         |    16 |     7 |     1 ||    24
       Dagger            |   122 |    25 |     3 ||   150
       Kick              |    21 |     6 |       ||    27
       Punch             |     6 |       |       ||     6
 Cast: Beastly Appendage |    22 |     7 |     1 ||    30
       Wereblood         |     5 |     5 |     1 ||    11
       Spider Form       |     2 |    10 |     3 ||    15
  Use: Scroll            |     2 |     1 |       ||     3
 Stab: Sleeping          |     5 |     1 |       ||     6
       Distracted        |     1 |       |       ||     1
Armor: Skin              |     7 |     4 |     1 ||    12
Dodge: Dodged            |    48 |    88 |    32 ||   168

Table legend: (Time is in decaauts)
 A = Elapsed time spent in this place.
 B = Non-inter-level travel time spent in this place.
 C = Inter-level travel time spent in this place.
 D = Time resting spent in this place.
 E = Time spent auto-exploring this place.
 F = Levels seen in this place.
 G = Mean time per level.
                   A        B        C        D        E       F      G
               +--------+--------+--------+--------+--------+-----+--------+
         Total |   4246 |   4081 |    165 |    944 |   2342 |   5 |  849.2 |
       Dungeon |   4246 |   4081 |    165 |    944 |   2342 |   5 |  849.2 |
               +--------+--------+--------+--------+--------+-----+--------+

Top non-repeatable levels by time:
     D:3: 1465 daAuts
     D:4: 1104 daAuts
     D:1: 880 daAuts
     D:2: 653 daAuts
     D:5: 142 daAuts
